 Dungeon Crawl Stone Soup version 0.28.0-53-g5a82cb258f (webtiles) character file.

Game seed: 2896837864721512759

23871 Ashen the Ogre Mage (level 13, -17/128 HPs)
             Began as an Ogre Hedge Wizard on June 27, 2022.
             Was an Elder of Vehumet.
             Killed from afar by a deep troll earth mage (34 damage)
             ... with a blast of rock fragments
             ... on level 13 of the Dungeon.
             The game lasted 01:14:36 (17035 turns).

Ashen the Ogre Mage (Ogre Hedge Wizard)            Turns: 17035, Time: 01:14:38

Health: -17/128    AC:  4    Str: 12    XL:     13   Next: 9%
Magic:  21/27      EV: 14    Int: 25    God:    Vehumet [****..]
Gold:   1679       SH: 11    Dex:  8    Spells: 10/32 levels left

rFire   . . .      SeeInvis .   A - +2 short sword (venom)
rCold   . . .      Faith    .   d - +3 kite shield of the King of the Hill {Regen+ Int+6}
rNeg    + . .      Spirit   .   x - +0 robe {Will+}
rPois   +          Reflect  .   c - +1 hat
rElec   .          Harm     .   P - scarf {shadows}
rCorr   .          Rampage  .   (gloves unavailable)
Will    ++...                   (boots unavailable)
Stlth   ++........              l - amulet "Myh Uzeoril" {rPois rN+ Regen+ Str-5}
HPRegen 1.91/turn               m - +4 ring of evasion
MPRegen 0.20/turn               q - ring of wizardry

@: no status effects
A: large, unfitting armour, tough skin 1
a: Renounce Religion


You were on level 13 of the Dungeon.
You worshipped Vehumet.
Vehumet was greatly pleased with you.
You visited 2 branches of the dungeon, and saw 15 of its levels.

You collected 1962 gold pieces.
You spent 283 gold pieces at shops.

Inventory:

Hand Weapons
 j - a +4 scimitar of flaming
 A - a +2 short sword of venom (weapon)
 F - a +9 vorpal morningstar
 N - a +2 giant spiked club
Missiles
 O - a throwing net
Armour
 c - a +1 hat (worn)
 d - the +3 kite shield of the King of the Hill (worn) {Regen+ Int+6}
   (You acquired it on level 5 of the Dungeon)

   Int:       It affects your intelligence (+6).
   Regen:     It increases your rate of health regeneration.
 x - a +0 robe of willpower (worn)
 C - the +2 robe "Istur" {Archmagi}
   (You found it on level 10 of the Dungeon)

   Archmagi:  It increases the power of your magical spells.
 I - a +0 cloak
 L - +0 acid dragon scales
 P - a scarf of shadows (worn)
Magical Staves
 n - a staff of air
Jewellery
 l - the amulet "Myh Uzeoril" (around neck) {rPois rN+ Regen+ Str-5}
   (You acquired it on level 5 of the Dungeon)

   [amulet of regeneration]

   Str:       It affects your strength (-5).
   rPois:     It protects you from poison.
   rN:        It protects you from negative energy.
   Regen:     It increases your rate of health regeneration.
 m - a +4 ring of evasion (left hand)
 q - a ring of wizardry (right hand)
 D - an amulet of the acrobat
Wands
 t - a wand of iceblast (9)
 y - a wand of charming (14)
 z - a wand of polymorph (16)
 B - a wand of flame (11)
 K - a wand of acid (5)
Scrolls
 a - a scroll of teleportation
 e - 4 scrolls of enchant armour
 g - a scroll of amnesia
 i - a scroll of fog
 k - a scroll of vulnerability
 u - a scroll of magic mapping
 v - 3 scrolls of immolation
 E - a scroll of noise
 J - 4 scrolls of identify
 M - a scroll of summoning
Potions
 b - a potion of degeneration
 f - 3 potions of flight
 h - 2 potions of lignification
 o - 2 potions of curing {unknown}
 p - 2 potions of haste
 s - 2 potions of might
 w - 2 potions of attraction
 G - a potion of cancellation
 H - a potion of ambrosia


   Skills:
 + Level 8.6 Fighting
 + Level 6.8 Maces & Flails
 + Level 7.0 Dodging
 - Level 5.0 Stealth
 + Level 6.8 Shields
 * Level 10.1 Spellcasting
 + Level 6.8 Conjurations
 - Level 2.0 Summonings
 - Level 2.0 Translocations
 + Level 6.8 Ice Magic
 - Level 5.0 Air Magic
 - Level 2.0 Poison Magic


You had 10 spell levels left.
You knew the following spells:

 Your Spells              Type           Power      Damage    Failure   Level
a - Magic Dart            Conj           100%       1d8       1%          1
b - Blink                 Tloc           44%        N/A       2%          2
c - Call Imp              Summ           22%        N/A       2%          2
d - Mephitic Cloud        Conj/Pois/Air  35%        N/A       1%          3
e - Ozocubu's Armour      Ice            46%        N/A       1%          3
f - Static Discharge      Conj/Air       42%        N/A       1%          2
g - Metabolic Englaciati  Hex/Ice        14%        N/A       26%         5
h - Flame Wave            Conj/Fire      29%        2d8       3%          4

Your spell library contained the following spells:

 Spells                   Type           Power      Damage    Failure   Level
 Yara's Violent Unravell  Hex/Tmut       6%         3d5       26%         5
 Conjure Flame            Conj/Fire      29%        6-21      1%          3
 Slow                     Hex            48%        N/A       4%          1
 Lee's Rapid Deconstruct  Erth           6%         3d7*      26%         5
 Animate Dead             Necr           6%         N/A       36%         4
 Leda's Liquefaction      Hex/Erth       6%         N/A       36%         4
 Petrify                  Tmut/Erth      12%        N/A       36%         4
 Simulacrum               Ice/Necr       14%        N/A       80%         6
 Statue Form              Tmut/Erth      8%         N/A       99%         6
 Haunt                    Necr/Summ      8%         N/A       100%        7
 Infestation              Necr           6%         N/A       100%        8


Dungeon Overview and Level Annotations

Branches:
Dungeon (13/15)            Temple (0/1) D:5            Lair (0/6) D:11
    Orc (2/2) D:9
    Elf: Orc:2       Vaults: D:13-14

Altars:
Cheibriados
Uskayaw
Vehumet
Wu Jian

Shops:
D:10 (   D:12 *   Orc:1 :

Portals:
Trove: D:13 (give +8 demon blade)

Annotations:
D:6 2 runed translucent doors
D:7 Joseph
D:11 exclusion: obsidian statue
D:12 Rupert
D:13 1 runed translucent door, Deuli's ghost, journeyman GrFE
Orc:2 Donald, Nessos


Innate Abilities, Weirdness & Mutations

You are too large for most types of armour.
You have tough skin. (AC +1)


Message History

Casting: Mephitic Cloud (safe; 1% risk of failure)
Confirm with . or Enter, or press ? or * to list all spells.
Aiming: Mephitic Cloud (safe; 1% risk of failure)
Press: ? - help, Shift-Dir - straight line, f/p - deep troll earth mage
Aim: a deep troll earth mage (chance to affect: 43%)
The ball explodes into a vile cloud!
The stinking cloud engulfs the deep troll earth mage but does no damage.
The deep troll earth mage is engulfed in noxious fumes.
Unknown command.
You closely miss the deep troll earth mage.
The deep troll earth mage is engulfed in noxious fumes.
The deep troll earth mage points next to you and mumbles some strange words.
The wall shatters!
The blast of rock fragments hits you!!
You hit the deep troll earth mage.
The deep troll earth mage is poisoned.
The deep troll earth mage is lightly wounded.
The deep troll earth mage is engulfed in noxious fumes.
The deep troll earth mage barely misses you.
The deep troll earth mage closely misses you.
The deep troll earth mage claws you!
The deep troll earth mage is engulfed in noxious fumes.
The deep troll earth mage bites you!! The deep troll earth mage claws you.
You block the deep troll earth mage's attack.
You hit the deep troll earth mage.
The deep troll earth mage looks as sick as possible!
The deep troll earth mage is lightly wounded.
The deep troll earth mage is engulfed in noxious fumes.
You block the deep troll earth mage's attack. x2
The deep troll earth mage claws you!
Press: ? - help, v - describe, . - travel
Here: a deep troll earth mage (noxious fumes, lightly wounded, extremely poisoned)
The floor.
The deep troll earth mage is engulfed in noxious fumes.
The deep troll earth mage points next to you and mumbles some strange words.
The wall shatters!
The blast of rock fragments hits you!!
The deep troll earth mage casts a spell next to you.
The wall shatters!
The blast of rock fragments hits you!!
* * * LOW HITPOINT WARNING * * *
The deep troll earth mage gestures next to you while chanting.
The wall shatters!
The blast of rock fragments hits you!!
You die...

#.##......# #..............
#>........#####..............
#....#######.##[.#...........
#..#.# #.##..#........###
#..#.# #.##...#.......#.#
#....# #.##T##.#.......#.
#....#######....###.#........
#....#.....#....# ##.#.......
#....#.....#@##.# ##.#......
#....#.....#.##.# ##.#.....
#....#.....#....#######.#...#
#....#.....#....#......#.####
#.##.#.....#....#######.#...#
#.##.#.....#....# ##.#....8
#....#.....#....# ##.#......
#....#.....#....# ##.#.....8.
#....#.....#....###.#........


You could see a deep troll earth mage (very poisoned).

Vanquished Creatures
  Jorgrun (D:12)
  2 hydras
  A catoblepas (D:13)
  4 centaur warriors
  4 two-headed ogres
  An orc high priest (D:9)
  4 deep elf pyromancers
  An orc sorcerer (Orc:1)
  An ugly thing (D:13)
  A cyclops (D:11)
  2 gargoyles (D:12)
  5 kobold demonologists
  An efreet (D:13)
  A troll (D:10)
  A hornet (D:10)
  Prince Ribbit (D:9)
  2 shadows
  6 wraiths
  A wyvern (D:11)
  16 yaks
  2 basilisks (D:11)
  A steam dragon (D:10)
  2 vampire mosquitoes (D:11)
  5 wargs
  3 acid dragons
  8 orc warriors
  A sky beast (D:8)
  3 ogres
  7 centaurs
  4 kobold brigands
  Blork the orc (D:5)
  4 bullfrogs
  2 gnoll sergeants (D:10)
  A wyvern zombie (D:8)
  4 scorpions
  A water moccasin skeleton (D:5)
  8 howler monkeys
  8 wights
  3 centaur zombies
  3 orc priests
  3 hounds
  A bullfrog skeleton (D:6)
  A jelly (D:2)
  2 iguanas
  6 orc wizards
  A killer bee zombie (D:9)
  2 howler monkey zombies (D:9)
  Robin (D:4)
  8 adders
  5 gnolls (D:10)
  A white imp (D:6)
  An ufetubus (D:6)
  2 dart slugs (D:1)
  41 orcs
  13 ball pythons
  10 endoplasms
  3 giant cockroaches
  16 goblins
  14 hobgoblins
  9 jackals
  2 quokkas
  4 bats
  4 frilled lizards
  38 kobolds
  2 rats (D:2)
  A spectral hobgoblin (D:2)
318 creatures vanquished.

Vanquished Creatures (collateral kills)
  An ice beast (D:7)
  An orc (D:3)
2 creatures vanquished.

Vanquished Creatures (others)
  A kobold (D:12)
  2 fungi (D:11)
  11 plants
14 creatures vanquished.

Grand Total: 334 creatures vanquished

Notes
Turn   | Place    | Note
-------+----------+-------------------------------------------
     0 | D:1      | Ashen the Ogre Hedge Wizard began the quest for the Orb.
     0 | D:1      | Reached XP level 1. HP: 16/16 MP: 5/5
   117 | D:1      | Reached skill level 1 in Conjurations
   117 | D:1      | Reached skill level 1 in Summonings
   117 | D:1      | Reached skill level 1 in Translocations
   164 | D:1      | Reached XP level 2. HP: 26/26 MP: 6/6
   251 | D:1      | Learned a level 2 spell: Blink
   254 | D:1      | Learned a level 2 spell: Call Imp
   750 | D:1      | Reached XP level 3. HP: 31/32 MP: 2/8
   754 | D:1      | Learned a level 3 spell: Mephitic Cloud
  1287 | D:1      | Reached skill level 4 in Spellcasting
  1290 | D:1      | Reached skill level 1 in Fighting
  1537 | D:2      | Found a faded altar of an unknown god.
  2047 | D:2      | Reached XP level 4. HP: 22/40 MP: 1/10
  3460 | D:2      | Reached skill level 1 in Maces & Flails
  3460 | D:2      | Reached XP level 5. HP: 32/48 MP: 6/11
  3641 | D:3      | Reached skill level 1 in Air Magic
  4461 | D:3      | Found a radiant altar of Vehumet.
  4462 | D:3      | Found a snail-covered altar of Cheibriados.
  4465 | D:3      | Became a worshipper of Vehumet
  4719 | D:4      | Reached skill level 1 in Poison Magic
  4719 | D:4      | Reached XP level 6. HP: 55/57 MP: 1/12
  4757 | D:4      | Learned a level 3 spell: Ozocubu's Armour
  5358 | D:4      | Noticed Robin
  5429 | D:4      | Killed Robin
  5905 | D:4      | You fall into a shaft and drop 3 floors!
  5905 | D:7      | Noticed an acid dragon
  5907 | D:7      | Identified 4 scrolls of acquirement
  5907 | D:7      | Acquired 968 gold pieces
  5934 | D:5      | Entered Level 5 of the Dungeon
  5942 | D:5      | Acquired the +3 kite shield of the King of the Hill {Regen+
                  | Int+6}
  5943 | D:5      | Acquired the amulet "Myh Uzeoril" {rPois rN+ Regen+ Str-5}
  5944 | D:5      | Acquired a ring of wizardry
  6227 | D:5      | Reached * piety under Vehumet
  6227 | D:5      | Offered knowledge of Foxfire by Vehumet.
  6353 | D:5      | Found a staircase to the Ecumenical Temple.
  6585 | D:5      | Reached XP level 7. HP: 56/66 MP: 11/14
  6897 | D:5      | Found an ornate altar of the Wu Jian Council.
  6915 | D:5      | Noticed Blork the orc
  6932 | D:5      | Killed Blork the orc
  6933 | D:5      | Reached skill level 1 in Ice Magic
  7562 | D:6      | Reached skill level 1 in Shields
  7562 | D:6      | Reached skill level 5 in Spellcasting
  7842 | D:6      | Found a runed translucent door.
  7844 | D:6      | Found a runed translucent door.
  7844 | D:6      | Noticed a vampire mosquito
  7844 | D:6      | Noticed a vampire mosquito
  7845 | D:6      | Noticed a vampire mosquito
  7967 | D:6      | Reached XP level 8. HP: 75/75 MP: 8/16
  8946 | D:7      | Identified the +3 glaive "Humig" {holy, rC+++ Str+4 Stlth-}
  9063 | D:7      | Identified the +1 pair of gloves of Philately {+Inv rElec
                  | MP+9 Slay-3}
  9407 | D:7      | Noticed Joseph
  9479 | D:8      | Noticed a yak
  9507 | D:8      | Killed a yak
  9508 | D:8      | Reached skill level 6 in Spellcasting
  9532 | D:8      | Noticed a yak
  9533 | D:8      | Noticed a yak
  9549 | D:7      | Killed a yak
  9612 | D:8      | Reached XP level 9. HP: 84/84 MP: 9/18
  9613 | D:8      | Reached ** piety under Vehumet
  9613 | D:8      | Offered knowledge of Static Discharge by Vehumet.
  9631 | D:8      | Learned a level 2 spell: Static Discharge
  9903 | D:8      | Noticed a +0 falchion
  9904 | D:8      | Noticed a +0 dagger
  9905 | D:8      | Noticed a +0 falchion
  9905 | D:8      | Noticed a +0 spear
  9905 | D:8      | Noticed a +0 spear
  9906 | D:8      | Noticed a +0 short sword
  9906 | D:8      | Noticed a +0 dagger
  9907 | D:8      | Noticed a +0 short sword
 10331 | D:7      | Reached skill level 5 in Fighting
 10340 | D:7      | Offered knowledge of Scorch by Vehumet.
 10347 | D:7      | Learned a level 5 spell: Metabolic Englaciation
 10462 | D:8      | Found a hide-covered altar of Uskayaw.
 10537 | D:8      | Reached XP level 10. HP: 96/96 MP: 19/19
 10669 | D:9      | Noticed a two-headed ogre
 10721 | D:9      | Killed a two-headed ogre
 10863 | D:9      | Reached *** piety under Vehumet
 10908 | D:9      | Found a staircase to the Orcish Mines.
 10975 | D:9      | Reached skill level 5 in Dodging
 11010 | D:9      | Noticed Prince Ribbit
 11028 | D:9      | Killed Prince Ribbit
 11053 | D:9      | Offered knowledge of Flame Wave by Vehumet.
 11458 | Orc:1    | Entered Level 1 of the Orcish Mines
 11458 | Orc:1    | Noticed an orc sorcerer
 11458 | Orc:1    | Noticed an orc high priest
 11492 | D:10     | Entered Level 10 of the Dungeon
 11546 | D:10     | Noticed a two-headed ogre
 11590 | D:10     | Killed a two-headed ogre
 11591 | D:10     | Reached skill level 5 in Maces & Flails
 11591 | D:10     | Reached skill level 5 in Stealth
 11591 | D:10     | Reached skill level 5 in Conjurations
 11591 | D:10     | Reached skill level 5 in Ice Magic
 11591 | D:10     | Reached skill level 5 in Air Magic
 11591 | D:10     | Reached XP level 11. HP: 95/102 MP: 7/20
 11754 | D:10     | Found Ycasaatu's Antique Weapon Shoppe.
 11792 | D:10     | Reached skill level 5 in Shields
 11797 | D:10     | Learned a level 4 spell: Flame Wave
 11869 | D:10     | Noticed a deep elf pyromancer
 11890 | D:10     | Killed a deep elf pyromancer
 12424 | D:10     | Noticed a two-headed ogre
 12443 | D:10     | Killed a two-headed ogre
 12467 | D:10     | Noticed a two-headed ogre
 12498 | D:10     | Killed a two-headed ogre
 12504 | D:10     | Reached skill level 7 in Spellcasting
 12562 | D:10     | Noticed a boulder beetle
 12562 | D:10     | Noticed a four-headed hydra
 12563 | D:10     | Identified the +2 robe "Istur" {Archmagi}
 13032 | D:10     | Reached **** piety under Vehumet
 13274 | D:9      | Killed an orc high priest
 13300 | Orc:1    | Killed an orc sorcerer
 13315 | Orc:1    | Offered knowledge of Yara's Violent Unravelling by Vehumet.
 13509 | Orc:1    | Found Aleicash's Self-Improvement Boutique.
 13554 | Orc:2    | Entered Level 2 of the Orcish Mines
 13563 | Orc:2    | Noticed Nessos
 13586 | Orc:2    | Noticed Donald
 13975 | D:11     | Found a staircase to the Lair.
 14092 | D:11     | Reached skill level 8 in Spellcasting
 14096 | D:11     | Reached XP level 12. HP: 100/115 MP: 24/24
 14490 | D:12     | Noticed Jorgrun
 14572 | D:12     | Noticed a centaur warrior
 14592 | D:12     | Killed a centaur warrior
 14723 | D:12     | Killed Jorgrun
 14795 | D:12     | Noticed a seven-headed hydra
 14834 | D:12     | Reached skill level 9 in Spellcasting
 14849 | D:12     | Noticed a soul eater
 14937 | D:12     | Noticed Rupert
 15045 | D:11     | Killed a seven-headed hydra
 15452 | D:12     | Found Esaenketz's Assorted Antiques.
 15460 | D:12     | Bought a grey potion for 23 gold pieces
 15460 | D:12     | Bought a scroll of identify for 52 gold pieces
 15460 | D:12     | Bought a glowing scarf for 208 gold pieces
 15710 | D:13     | Noticed a centaur warrior
 15720 | D:13     | Killed a centaur warrior
 15752 | D:13     | Noticed a centaur warrior
 15757 | D:13     | Found a portal to a secret trove of treasure.
 15772 | D:13     | Killed a centaur warrior
 15809 | D:13     | Found a runed translucent door.
 15915 | D:13     | Noticed a catoblepas
 16005 | D:13     | Noticed Deuli's ghost (journeyman GrFE)
 16076 | D:13     | Noticed a fire giant
 16076 | D:13     | Noticed a deep troll earth mage
 16082 | D:13     | Noticed a centaur warrior
 16089 | D:13     | Killed a centaur warrior
 16168 | D:13     | Noticed a seven-headed hydra
 16286 | D:13     | Killed a seven-headed hydra
 16287 | D:13     | Reached XP level 13. HP: 51/128 MP: 2/26
 16622 | D:13     | Reached skill level 10 in Spellcasting
 17035 | D:13     | Killed from afar by a deep troll earth mage

Illustrated notes

Levels and vault maps discovered:
D:1:      lightli_arrival_statuegarden, layout_basic,
          hangedman_abyss_or_decor_lesser_grid,
          nicolae_concentric_dashed_squares_wild, st_stairs_7
D:2:      layout_loops_ring, dreamdust_ecumenical_altar_drowned_temple,
          nicolae_concentric_dashed_squares_mild
D:3:      layout_rooms, mainiacjoe_overflow_divided_tiny, st_stairs_13,
          kennysheep_generic_room_13
D:4:      layout_cave_pods, uniq_robin
D:5:      layout_basic, nzn_wu_jian_contemplation,
          minmay_temple_entry_sparse_star, uniq_blork_the_orc
D:6:      lemuel_insect_pit, layout_loops_corners
D:7:      layout_basic, bh_walls_and_bars, uniq_joseph
D:8:      kennysheep_kobold_camp, layout_gridville, nicolae_uskayaw_en_pointe
D:9:      layout_loops_ring, minmay_orc_entry_guard_dogs, uniq_prince_ribbit1
D:10:     layout_roguey, serial_shops, nicolae_shop_hallway_stairs,
          nzn_random_ring
D:11:     minmay_statue_hallways, layout_rooms, david_lair_generic
D:12:     layout_basic, serial_shops, nicolae_shop_trees, uniq_jorgrun,
          uniq_rupert
D:13:     wad_pebble_path, layout_stronghold, ebering_ghost_inner_flame,
          enter_trove_2, wad_dig_loot
Orc:1:    layout_caves, nicolae_shop_self_help
Orc:2:    st_orc_mages, layout_caves, nicolae_shop_firing_range, uniq_donald,
          uniq_nessos

Skill      XL: |  1  2  3  4  5  6  7  8  9 10 11 12 13 |
---------------+----------------------------------------+-----
Conjurations   | 1 2 3 4 5 6 |  6.8
Summonings     | 1 2 |  2.0
Translocations | 1 2 |  2.0
Spellcasting   | 4 5 6 8 9 10 | 10.1
Fighting       | 1 2 3 4 5 6 8 |  8.6
Dodging        | 2 3 4 5 6 7 |  7.0
Maces & Flails | 1 2 4 5 6 |  6.8
Air Magic      | 1 2 3 4 5 |  5.0
Poison Magic   | 1 2 |  2.0
Stealth        | 2 3 5 |  5.0
Ice Magic      | 1 2 3 5 6 |  6.8
Shields        | 1 2 3 4 5 6 |  6.8

Action                   |  1- 3 |  4- 6 |  7- 9 | 10-12 | 13-15 || total
-------------------------+-------+-------+-------+-------+-------++-------
Melee: Dagger            |    77 |       |       |       |       ||    77
       Falchion          |       |    48 |       |       |       ||    48
       Punch             |       |     2 |       |       |       ||     2
       Flail             |       |    91 |   175 |       |       ||   266
       Short sword       |       |       |   129 |   332 |     3 ||   464
       Morningstar       |       |       |     5 |   238 |    18 ||   261
 Cast: Magic Dart        |    98 |   197 |    88 |    22 |       ||   405
       Call Imp          |       |     5 |     7 |    12 |       ||    24
       Mephitic Cloud    |       |     1 |    12 |    74 |     5 ||    92
       Ozocubu's Armour  |       |       |     8 |    12 |     1 ||    21
       Blink             |       |       |     2 |    12 |       ||    14
       Flame Wave        |       |       |       |    19 |       ||    19
Evoke: Wand              |       |       |       |     2 |       ||     2
  Use: Scroll            |       |     7 |     5 |    19 |       ||    31
       Potion            |       |       |       |     4 |       ||     4
 Stab: Sleeping          |     7 |     3 |     1 |     3 |       ||    14
       Distracted        |       |     1 |       |     1 |       ||     2
       Confused          |       |       |     4 |    21 |       ||    25
Armor: Robe              |    37 |    44 |    49 |   135 |       ||   265
Dodge: Dodged            |    52 |   115 |   172 |   369 |     9 ||   717
Block: Kite shield       |       |    10 |   160 |   425 |    12 ||   607
